 Dungeon Crawl Stone Soup version 0.30.0-5-g1a98f26d00 (webtiles) character file.

Game seed: 6410699566512974022

2400 Leibowitz the Spear-Bearer (level 9, 0/71 HPs)
             Began as a Merfolk Gladiator on May 11, 2023.
             Was a Believer of Okawaru.
             Slain by a killer bee (8 damage)
             ... on level 7 of the Dungeon.
             The game lasted 00:15:09 (6284 turns).

Leibowitz the Spear-Bearer (Merfolk Gladiator)      Turns: 6284, Time: 00:15:09

Health: 0/71       AC:  7    Str: 19 (20) XL:     9   Next: 46%
Magic:  9/9        EV: 21    Int:  5 (7)  God:    Okawaru [**....]
Gold:   335        SH:  0    Dex: 19 (20) Spells: 8/8 levels left

rFire   . . .        a - +0 trident
rCold   . . .        (no shield)
rNeg    . . .        b - +0 leather armour
rPois   +            c - +0 helmet
rElec   +            J - +1 cloak
rCorr   .            H - +0 pair of gloves
SInv    .            (no boots)
Will    .....        F - amulet of faith
Stlth   +            t - +6 ring of strength
HPRegen 0.31/turn    E - +5 ring of evasion
MPRegen 0.11/turn

%: faith
@: mighty, flying
A: (nimble swimmer 2), mertail, poison resistance, electricity resistance
a: Renounce Religion, Heroism


You were on level 7 of the Dungeon.
You worshipped Okawaru.
Okawaru was pleased with you.
You visited 2 branches of the dungeon, and saw 8 of its levels.

You collected 335 gold pieces.

Inventory:

Hand Weapons
 a - a +0 trident (weapon)
Missiles
 d - 3 throwing nets (quivered)
 e - a javelin
 n - 3 curare-tipped darts
Armour
 b - a +0 leather armour (worn)
 c - a +0 helmet (worn)
 H - a +0 pair of gloves (worn)
 J - a +1 cloak (worn)
Jewellery
 m - a ring of protection from cold
 p - a ring of fire
 r - a ring of magical power
 t - a +6 ring of strength (left hand)
 E - a +5 ring of evasion (right hand)
 F - an amulet of faith (around neck)
 G - a ring of see invisible
Wands
 C - a wand of paralysis (14)
 I - a wand of digging (6)
Scrolls
 f - 2 scrolls of vulnerability {unknown}
 h - 4 scrolls of identify {unknown}
 j - 2 scrolls of noise {unknown}
 k - 4 scrolls of amnesia {unknown}
 l - 4 scrolls of teleportation {unknown}
 o - a scroll of immolation {unknown}
 u - a scroll of fear {unknown}
 x - 3 scrolls of poison {unknown}
 y - a scroll of blinking {unknown}
 D - a scroll of magic mapping {unknown}
Potions
 g - a potion of resistance
 i - 2 potions of lignification
 q - 2 potions of mutation
 s - 2 potions of curing
 v - 3 potions of attraction
 w - a potion of might
 B - a potion of flight


   Skills:
 * Level 6.4 Fighting
 * Level 12.0 Polearms
 - Level 2.0 Throwing
 + Level 3.0 Armour
 * Level 7.9 Dodging
 + Level 0.6 Evocations


You had 8 spell levels left.
You didn't know any spells.
Your spell library was empty.

Dungeon Overview and Level Annotations

Branches:
Dungeon (7/15)             Temple (1/1) D:5

Altars:
Ashenzari
Dithmenos
Elyvilon
Fedhas
Gozag
Hepliaklqana
Kikubaaqudgha
Makhleb
Nemelex Xobeh
Okawaru
Sif Muna
Trog
Uskayaw
Wu Jian
Xom
Yredelemnul
Zin
The Shining One

Shops:
D:1 (


Innate Abilities, Weirdness & Mutations

((You are very nimble when in or above water. (Stealth+, EV+, Speed+++)))
Your lower body shifts to a powerful aquatic tail in water.
Your system is resistant to poisons. (rPois)
You are resistant to electric shocks. (rElec)


Message History

The killer bee attacks as you move away!
The killer bee closely misses you.
You feel sick.
The killer bee completely misses you. x2; The killer bee misses you.
You puncture the killer bee!
You kill the killer bee!
Okawaru accepts your kill.
You feel sick.
The killer bee stings you but does no damage.
Your Polearms skill increases to level 12!
You closely miss the killer bee.
You feel sick.
The killer bee closely misses you. x2; The killer bee completely misses you.
The killer bee misses you.
You hit the killer bee.
The killer bee is moderately wounded.
The killer bee completely misses you. The killer bee closely misses you.
You hit the killer bee.
The killer bee is severely wounded.
You feel sick. The killer bee barely misses you.
The killer bee stings you but does no damage.
You hit the killer bee.
The killer bee is almost dead.
You feel sick.
The killer bee stings you but does no damage.
The killer bee closely misses you. x2; The killer bee completely misses you.
You miss the killer bee.
The killer bee is almost dead.
You feel sick.
You are no longer poisoned.
The killer bee barely misses you. The killer bee completely misses you.
You puncture the killer bee!
You kill the killer bee!
Okawaru accepts your kill.
You puncture the killer bee!
The killer bee is heavily wounded.
The killer bee misses you.
The killer bee stings you but does no damage.
You hit the killer bee.
The killer bee is heavily wounded.
The killer bee stings you!
You die...

..... .. ..... !..
.....## .. . #
....#..## <###.#
.........##.....##
#.##y.#........... #
#..yF##.....##.... ##
#yyyy..##.#.#..##. §
#@##........#...>.
#####..
####...##...##....
.☼.§.$$
..#.....###.#..###..
.○§○..$
........###....#.†..
.§§§...
....##.!.#.......†.#
#####.. ..##
#........##..## # .
###....#####... #
#....####....### ##..
# #§☼☼
#..........#...###...


You could see a bullfrog and 6 killer bees.

Vanquished Creatures
  Grinder (D:4)
  Sigmund (D:4)
  A steam dragon (D:7)
  Edmund (D:4)
  2 sky beasts
  4 black bears
  An ogre (D:5)
  2 phantoms (D:6)
  3 bullfrogs (D:7)
  3 scorpions
  4 killer bees (D:7)
  3 jellies
  2 hounds
  Crazy Yiuf (D:6)
  A gnoll bouda (D:6)
  Jessica (D:2)
  2 iguanas
  A sleepcap (D:4)
  An orc wizard (D:5)
  Natasha (D:2)
  7 gnolls
  6 adders
  A white imp (D:7)
  A worm (D:2)
  2 dart slugs
  5 orcs
  4 bats
  5 giant cockroaches
  9 goblins
  5 hobgoblins
  8 ball pythons
  4 frilled lizards
  5 kobolds
  9 rats
107 creatures vanquished.

Notes
Turn   | Place    | Note
-------+----------+-------------------------------------------
     0 | D:1      | Leibowitz the Merfolk Gladiator began the quest for the
                  | Orb.
     0 | D:1      | Reached XP level 1. HP: 16/16 MP: 1/1
   233 | D:1      | Found Rubycw's Weapon Emporium.
   240 | D:1      | Reached XP level 2. HP: 23/23 MP: 2/2
   725 | D:2      | Found an opulent altar of Gozag.
   897 | D:2      | Reached XP level 3. HP: 20/28 MP: 3/3
   984 | D:2      | Noticed Jessica
   994 | D:2      | Killed Jessica
   995 | D:2      | Reached skill level 5 in Polearms
   995 | D:2      | Reached XP level 4. HP: 23/34 MP: 4/4
  1292 | D:2      | Reached skill level 1 in Armour
  1308 | D:2      | Noticed Natasha
  1323 | D:2      | Killed Natasha
  1673 | D:3      | Reached XP level 5. HP: 21/40 MP: 5/5
  2678 | D:4      | Reached skill level 6 in Polearms
  2711 | D:4      | Reached skill level 5 in Dodging
  2907 | D:4      | Noticed Sigmund
  2929 | D:4      | Killed Sigmund
  2930 | D:4      | Reached skill level 7 in Polearms
  2930 | D:4      | Reached XP level 6. HP: 47/47 MP: 6/6
  2958 | D:4      | Identified the +0 flail of Puatt {flame, Dex+3}
  2960 | D:4      | Noticed Edmund
  2983 | D:4      | Killed Edmund
  2984 | D:4      | Reached XP level 7. HP: 17/53 MP: 7/7
  3538 | D:4      | Noticed Grinder
  3554 | D:4      | Killed Grinder
  3555 | D:4      | Reached skill level 8 in Polearms
  3635 | D:4      | Found a white marble altar of Elyvilon.
  3965 | D:5      | Entered Level 5 of the Dungeon
  3969 | D:5      | Identified the +7 war axe of the Invisible Heavens {heavy,
                  | Will+ Str+4}
  4143 | D:5      | Reached skill level 9 in Polearms
  4143 | D:5      | Reached XP level 8. HP: 31/61 MP: 8/8
  4455 | D:5      | Found a staircase to the Ecumenical Temple.
  4463 | Temple   | Entered the Ecumenical Temple
  4468 | Temple   | Became a worshipper of Warmaster Okawaru
  4599 | D:6      | Reached skill level 5 in Fighting
  4707 | D:6      | Found a shimmering altar of Xom.
  4759 | D:6      | Reached skill level 10 in Polearms
  4903 | D:6      | Reached * piety under Okawaru
  5273 | D:6      | Found a runed translucent door.
  5274 | D:6      | Noticed Crazy Yiuf
  5282 | D:6      | Killed Crazy Yiuf
  5424 | D:6      | Reached XP level 9. HP: 68/69 MP: 9/9
  5512 | D:6      | Reached skill level 11 in Polearms
  5725 | D:7      | Reached ** piety under Okawaru
  5822 | D:7      | Gained mutation: You are resistant to electric shocks.
                  | (rElec) [potion of mutation]
  5822 | D:7      | Gained mutation: Your system is resistant to poisons.
                  | (rPois) [potion of mutation]
  5936 | D:7      | Found a shadowy altar of Dithmenos.
  6277 | D:7      | Reached skill level 12 in Polearms
  6284 | D:7      | Slain by a killer bee

Illustrated notes

Levels and vault maps discovered:
D:1:      minmay_arrival_stair_chambers, layout_basic, serial_shops, shop
D:2:      layout_loops_cross, basic_altar, hangedman_decor_diamond_cutter,
          uniq_jessica, uniq_natasha
D:3:      layout_basic, kennysheep_cross_room, kennysheep_generic_room_15
D:4:      layout_basic, nicolae_elyvilon_temple_path, sigmund_edmund_badplayer,
          uniq_grinder, uniq_sigmund
D:5:      layout_rooms, temple_green
D:6:      layout_rooms, lemuel_crystal_altar, hangedman_decor_points,
          uniq_crazy_yiuf_cottage
D:7:      layout_cave_pools, mainiacjoe_overflow_alcove_1, serial_rivers,
          chequers_serial_rivers_micro_d, chequers_serial_rivers_large_b,
          chequers_serial_rivers_micro_a, chequers_serial_rivers_micro_b,
          lemuel_flame_loot_1
Temple:   minmay_freezing_vapour_temple

Skill      XL: |  1  2  3  4  5  6  7  8  9 |
---------------+----------------------------+-----
Polearms       | 5 7 9 10 12 | 12.0
Armour         | 1 2 3 |  3.0
Fighting       | 3 4 5 6 |  6.4
Dodging        | 5 6 7 |  7.9
Throwing       | |  2.0
Evocations     | |  0.6

Action                     |  1- 3 |  4- 6 |  7- 9 || total
---------------------------+-------+-------+-------++-------
  Melee: Trident           |    73 |   113 |   305 ||   491
         Punch             |     1 |     2 |     4 ||     7
         Tailslap          |       |       |     3 ||     3
  Throw: Dart              |       |     5 |     2 ||     7
         Throwing net      |       |     1 |     1 ||     2
  Evoke: Wand              |       |       |     4 ||     4
    Use: Potion            |       |       |    11 ||    11
   Stab: Sleeping          |     2 |     3 |       ||     5
         Distracted        |       |     1 |       ||     1
 Armour: Leather armour    |    24 |    25 |    57 ||   106
  Dodge: Dodged            |    60 |    74 |   309 ||   443
